 Dungeon Crawl Stone Soup version 0.17.0-7-gfadd4cc (webtiles) character file.

86 Ijustatesigmund the Conjurer (level 4, -2/27 HPs)
             Began as an Octopode Conjurer on Nov 8, 2015.
             Slain by an adder (4 damage)
             ... on level 3 of the Dungeon.
             The game lasted 00:06:22 (2160 turns).

Ijustatesigmund the Conjurer (Octopode Conjurer)    Turns: 2160, Time: 00:06:22

Health: -2/27      AC:  1    Str:  7    XL:     4   Next: 49%
Magic:  0/7        EV: 12    Int: 18    God:
Gold:   64         SH:  0    Dex: 12    Spells: 3 memorised, 2 levels left

rFire  . . .     SeeInvis .     c - +0 short sword (curse)
rCold  . . .     Clarity  .     (no shield)
rNeg   . . .     SustAt   .     (helmet restricted)
rPois  .         Gourm    .     (no amulet)
rElec  .         Spirit   .     e - ring of wizardry (curse)
rCorr  .         Warding  .     (no ring)
rMut   .         Stasis   .     (no ring)
MR     .....                    (no ring)
Stlth  ++++......               (no ring)
                                (no ring)
                                (no ring)
                                (no ring)

@: lethally poisoned (-2 -> -12), not resistant to hostile enchantments,
stealthy
A: almost no armour, amphibious, 8 rings, constrict 8, camouflage 1, gelatinous
body 1
a: no special abilities


You were on level 3 of the Dungeon.
You were not hungry.

You visited 1 branch of the dungeon, and saw 3 of its levels.

You collected 64 gold pieces.

Inventory:

Hand Weapons
 c - a cursed +0 short sword (weapon)
 g - a +2 dagger of venom
Jewellery
 e - a cursed ring of wizardry (left tentacle)
Books
 a - a book of Conjurations

   Spells                             Type                      Level
   a - Magic Dart                     Conjuration                  1
   b - Searing Ray                    Conjuration                  2
   c - Dazzling Spray                 Conjuration/Hexes            3
   d - Fulminant Prism                Conjuration/Hexes            4
   e - Iskenderun's Mystic Blast      Conjuration                  4
   f - Iskenderun's Battlesphere      Conjuration/Charms           5
Comestibles
 b - a bread ration
 d - a meat ration
 f - 2 chunks of flesh


   Skills:
 - Level 2.0 Dodging
 - Level 4.0 Stealth
 + Level 2.6 Spellcasting
 + Level 4.7 Conjurations
 + Level 1.3 Hexes


You had 2 spell levels left.
You knew the following spells:

 Your Spells              Type           Power        Failure   Level  Hunger
a - Magic Dart            Conj           ###.         1%          1    #......
b - Searing Ray           Conj           ###...       1%          2    ##.....
c - Dazzling Spray        Conj/Hex       ##......     7%          3    ###....


Dungeon Overview and Level Annotations

Branches:
Dungeon (3/15)

Altars:
Gozag


Innate Abilities, Weirdness & Mutations

You cannot wear most types of armour.
You are amphibious.
You can wear up to eight rings at the same time.
You can use your tentacles to constrict eight enemies at once.
Your skin changes colour to match your surroundings (Stealth).
Your rubbery body absorbs attacks (AC +1).


Message History

You constrict the adder.
You feel sick.
The adder is no longer blind.
The adder bites you but does no damage. The adder barely misses you.
The adder barely misses you.
You hit the adder.
You kill the adder!
You feel sick. The adder closely misses you. The adder bites you.
* * * LOW HITPOINT WARNING * * *
Casting: Dazzling Spray
Confirm with . or Enter, or press ? or * to list all spells.
Aiming: Magic Dart
Press: ? - help, Shift-Dir - straight line, f - adder
Aim: an adder (severely wounded)
The magic dart hits the adder.
The adder is severely wounded.
* * * LOW HITPOINT WARNING * * *
You feel sick. The adder bites you.
* * * LOW HITPOINT WARNING * * *
* * * LOW HITPOINT WARNING * * *
You feel sick. The adder bites you.
You die...

.. #.# #..
#.# .. #.#
..#.# # .#.#
.#
..######.#
#!.......##
#@#####...##
#S.†.......#
#.###<#...##
#.# #.# ##
..# #.. ##..
.... ###
#####


You could see an adder.

Vanquished Creatures
  Jessica (D:2)
  2 adders
  2 worms
  A giant gecko (D:2)
  2 ball pythons (D:2)
  3 bats
  5 goblins
  3 hobgoblins
  3 jackals (D:2)
  2 giant newts
  8 kobolds
  A quokka (D:3)
  6 rats
39 creatures vanquished.

Notes
Turn   | Place    | Note
--------------------------------------------------------------
     0 | D:1      | Ijustatesigmund the Octopode Conjurer began the quest for the Orb.
     0 | D:1      | Reached XP level 1. HP: 11/11 MP: 3/3
   603 | D:2      | Found an opulent altar of Gozag.
   645 | D:2      | Reached XP level 2. HP: 17/17 MP: 3/5
   649 | D:2      | Learned a level 2 spell: Searing Ray
   779 | D:2      | Noticed Jessica
  1289 | D:1      | Reached XP level 3. HP: 21/21 MP: 4/6
  1294 | D:1      | Learned a level 3 spell: Dazzling Spray
  1841 | D:2      | Killed Jessica
  1841 | D:2      | Reached XP level 4. HP: 27/27 MP: 3/7
  1888 | D:2      | Reached skill level 1 in Hexes
  2160 | D:3      | Slain by an adder

Action                   |  1- 3 |  4- 6 || total
-------------------------+-------+-------++-------
Melee: Mace              |     5 |       ||     5
       Unarmed           |     4 |       ||     4
       Short sword       |    14 |     8 ||    22
 Cast: Magic Dart        |    42 |    13 ||    55
       Searing Ray       |     1 |       ||     1
       Dazzling Spray    |     3 |     3 ||     6
  Use: Scroll            |     5 |     1 ||     6
       Potion            |       |     1 ||     1
 Stab: Sleeping          |     3 |     2 ||     5
       Invisible         |     1 |       ||     1
  Eat: Chunk             |     2 |       ||     2
       Bread ration      |     1 |       ||     1
